Map: Abyssal Reef LE

Players

Theo - Winner!

  • Race: Protoss Protoss
  • Spawn Location: 5:00

Civi

  • Race: Zerg Zerg
  • Spawn Location: 11:00

Event: WCS Jonkoping 2017

VOD

Have the link to the VOD?

Description

Time

  • Played on: June 17, 2017, 7:58 a.m.
  • Length: 7:08

All games in this series

Show
View Real Time Build Order
Export as new Build Order

Theo Protoss - Winner!

Build Orders: 1 Gate Expand 

Get SALT Encoding   

  12  0:00  Probe (Chrono Boost)  
  13  0:11  Probe (Chrono Boost)  
  14  0:19  Pylon  
  14  0:22  Probe (Chrono Boost)  
  15  0:38  Probe (Chrono Boost)  
  16  0:44  Gateway  
  16  0:48  Probe (Chrono Boost)  
  17  0:51  Assimilator  
  17  0:59  Probe (Chrono Boost)  
  18  1:09  Probe (Chrono Boost)  
  20  1:26  Nexus  
  20  1:31  Cybernetics Core  
  19  1:33  Probe (Chrono Boost)  
  20  1:42  Pylon  
  20  1:45  Probe (Chrono Boost)  
  23  2:00  Probe (Chrono Boost), Assimilator  
  24  2:07  Adept  
  24  2:11  Mothership Core (Chrono Boost)  
  26  2:15  Warp Gate (Chrono Boost)  
  26  2:29  Probe (Chrono Boost)  
  27  2:34  Adept  
  27  2:36  Pylon  
  29  2:39  Probe (Chrono Boost)  
  29  2:40  Probe (Chrono Boost)  
  31  2:49  Probe (Chrono Boost)  
  31  2:50  Probe (Chrono Boost)  
  32  2:59  Twilight Council  
  32  3:00  Probe (Chrono Boost)  
  32  3:01  Probe (Chrono Boost)  
  35  3:13  Stalker (Chrono Boost)  
  34  3:21  Gateway  
  34  3:25  Gateway  
  34  3:28  Pylon  
  34  3:33  Probe x2  
  38  3:41  Stalker (Chrono Boost)  
  38  3:50  Probe  
  39  3:56  Pylon  
  39  3:58  Pylon  
  39  4:01  Probe  
  40  4:07  Probe  
  41  4:11  Pylon  
  41  4:17  Stalker x2  
  41  4:20  Stalker  
  44  4:26  Probe  
  44  4:27  Probe  
  42  4:38  Probe (Chrono Boost), Stargate  
  39  4:39  Probe (Chrono Boost)  
  39  4:40  Adept  
  39  4:41  Stargate  
  43  4:50  Probe x2 (Chrono Boost)  
  45  4:52  Pylon  
  43  5:00  Probe (Chrono Boost)  
  43  5:07  Probe (Chrono Boost)  
  43  5:11  Probe (Chrono Boost)  
  44  5:17  Probe (Chrono Boost)  
  44  5:19  Assimilator  
  46  5:21  Probe (Chrono Boost)  
  46  5:25  Phoenix x2 (Chrono Boost)  
  50  5:31  Adept  
  50  5:32  Probe  
  50  5:33  Adept  
  55  5:36  Probe  
  55  5:37  Adept  
  58  5:45  Probe  
  58  5:47  Phoenix (Chrono Boost)  
  58  5:48  Probe  
  62  5:54  Adept  
  65  5:57  Probe  
  65  6:00  Probe, Phoenix (Chrono Boost)  
  65  6:03  Assimilator  
  69  6:11  Probe  
  71  6:18  Phoenix (Chrono Boost)  
  71  6:26  Probe  
  71  6:29  Probe  
  71  6:31  Twilight Council  
  73  6:37  Pylon  
  73  6:41  Phoenix (Chrono Boost)  
Show
View Real Time Build Order
Export as new Build Order

Civi Zerg 

Build Orders: Pool First 

Get SALT Encoding   

  12  0:00  Drone  
  13  0:12  Overlord  
  13  0:17  Drone  
  14  0:31  Drone x2  
  14  0:35  Drone  
  17  0:39  Extractor  
  16  0:47  Spawning Pool  
  15  0:51  Drone  
  15  0:56  Drone  
  17  1:07  Drone  
  18  1:23  Hatchery  
  17  1:27  Drone  
  18  1:33  Drone  
  18  1:39  Zergling x2  
  20  1:40  Metabolic Boost  
  20  1:51  Queen  
  22  1:59  Overlord  
  22  2:15  Roach Warren  
  22  2:17  Drone  
  22  2:19  Overlord  
  21  2:55  Roach x5  
  21  2:56  Roach  
  33  3:01  Roach x2  
  33  3:03  Zergling x2  
  38  3:10  Zergling x2  
  38  3:19  Zergling x6  
  39  3:29  Zergling x2  
  39  3:30  Zergling x2  
  39  3:34  Zergling x2  
  42  3:35  Zergling x2  
  43  3:48  Ravager  
  44  3:53  Overlord  
  40  4:01  Ravager x2  
  39  4:09  Zergling x10  
  39  4:19  Zergling x4  
  33  4:27  Zergling x4  
  33  4:30  Drone  
  31  4:37  Drone x2  
  30  4:43  Drone  
  30  4:46  Drone  
  31  4:53  Drone  
  31  4:57  Drone  
  31  4:58  Drone  
  30  5:00  Drone  
  30  5:03  Drone  
  30  5:07  Drone  
  30  5:09  Drone  
  32  5:15  Drone  
  32  5:16  Drone  
  34  5:25  Spore Crawler  
  34  5:27  Spore Crawler  
  32  5:29  Drone x2  
  32  5:32  Drone  
  32  5:33  Drone  
  37  5:35  Drone  
  37  5:38  Drone  
  37  5:41  Drone  
  39  5:46  Queen  
  39  5:48  Zergling x2  
  41  5:54  Roach  
  43  6:00  Roach x3  
  43  6:04  Roach  
  51  6:06  Extractor  
  49  6:14  Roach x2  
  49  6:19  Roach  
  51  6:36  Overlord x2  
  51  6:42  Spore Crawler  
  51  6:45  Overlord x2  
  51  6:46  Zergling x4  
Tags
 
Add a new tag
Caveats
  • Supply blocks, unpowered buildings, or Contaminate may cause inaccurate times.
  • Supply counts are checked every 10 seconds.